 Dungeon Crawl Stone Soup version 0.28.0-43-g3370ac3207 (webtiles) character file.

Game seed: 5190197623165617503

14 Ablot the Grasshopper (level 2, -1/21 (26) HPs)
             Began as a Gnoll Warper on Mar 6, 2022.
             Slain by a gnoll
             ... wielding a +0 flail
              (4 damage)
             ... on level 1 of the Dungeon.
             The game lasted 00:00:59 (489 turns).

Ablot the Grasshopper (Gnoll Warper)                 Turns: 489, Time: 00:00:59

HP:   -1/21 (26)    AC:  4    Str: 10    XL:     2   Next: 45%
MP:   7/7           EV: 12    Int: 12    God:
Gold: 41            SH:  0    Dex: 11    Spells: 8/10 levels left

rFire   . . .      SeeInvis .   f - +1 short sword (drain)
rCold   . . .      Faith    .   (no shield)
rNeg    . . .      Spirit   .   b - +0 leather armour
rPois   .          Reflect  .   (no helmet)
rElec   .          Harm     .   i - +0 cloak
rCorr   .          Rampage  .   (no gloves)
Will    .....                   (no boots)
Stlth   +.........              (no amulet)
HPRegen 0.07/turn               (no ring)
MPRegen 0.10/turn               (no ring)

@: heavily drained
A: fangs 1, strong nose, distributed training
a: no special abilities


You were on level 1 of the Dungeon.
You visited 1 branch of the dungeon, and saw 1 of its levels.

You collected 41 gold pieces.

Inventory:

Hand Weapons
 a - a +0 spear
 f - a +1 short sword of draining (weapon)
Missiles
 d - 5 boomerangs of dispersal (quivered)
 h - a stone
Armour
 b - a +0 leather armour (worn)
 i - a +0 cloak (worn)
Scrolls
 c - a scroll of blinking
Potions
 e - a potion of magic {unknown}
 g - a potion of might {unknown}


   Skills:
 + Level 4.5 Fighting
 + Level 0.4 Short Blades
 + Level 0.4 Long Blades
 + Level 0.4 Axes
 + Level 0.4 Maces & Flails
 + Level 4.5 Polearms
 + Level 0.4 Staves
 + Level 0.4 Slings
 + Level 0.4 Bows
 + Level 0.4 Crossbows
 + Level 2.5 Throwing
 + Level 2.5 Armour
 + Level 4.5 Dodging
 + Level 0.4 Stealth
 + Level 0.4 Shields
 + Level 0.4 Unarmed Combat
 + Level 4.9 Spellcasting
 + Level 0.2 Conjurations
 + Level 0.2 Hexes
 + Level 0.2 Summonings
 + Level 0.2 Necromancy
 + Level 5.3 Translocations
 + Level 0.2 Transmutations
 + Level 0.2 Fire Magic
 + Level 0.2 Ice Magic
 + Level 0.2 Air Magic
 + Level 0.2 Earth Magic
 + Level 0.2 Poison Magic
 + Level 0.5 Invocations
 + Level 0.4 Evocations


You had 8 spell levels left.
You knew the following spells:

 Your Spells              Type           Power      Damage    Failure   Level
a - Blink                 Tloc           30%        N/A       4%          2

Your spell library contained the following spells:

 Spells                   Type           Power      Damage    Failure   Level
 Gell's Gravitas          Tloc           15%        N/A       9%          3
 Lesser Beckoning         Tloc           15%        N/A       9%          3
 Teleport Other           Tloc           15%        N/A       9%          3
 Manifold Assault         Tloc           15%        N/A       63%         5


Dungeon Overview and Level Annotations

Branches:
Dungeon (1/15)

Altars:


Innate Abilities, Weirdness & Mutations

You have very sharp teeth.
Your uncanny sense of smell can sniff out nearby items.
Your experience applies equally to all skills.


Message History

No target in view!
You see here a quokka corpse.
A bat comes into view.
The bat barely misses you.
A bat is nearby!
You barely miss the bat. The bat closely misses you.
You puncture the bat!
You kill the bat!
No target in view!
No target in view!
No target in view!
No target in view!
No target in view!
No target in view!
No target in view!
No target in view!
A gnoll comes into view. It is wielding a +0 flail.
A gnoll is nearby!
No reachable target in view!
No reachable target in view!
A gnoll is nearby!
The gnoll shouts!
You hear an angry hiss.
A ball python comes into view.
Found a dagger and 7 gold pieces.
You closely miss the gnoll. The gnoll hits you with a +0 flail.
You barely miss the gnoll. The gnoll closely misses you.
You hit the gnoll.
The gnoll is lightly wounded.
The gnoll hits you with a +0 flail! The gnoll completely misses you.
You barely miss the gnoll. You bite the gnoll, but do no damage.
The gnoll is lightly wounded.
The gnoll closely misses you.
You hit the gnoll.
The gnoll is heavily wounded.
The gnoll hits you with a +0 flail!
* * * LOW HITPOINT WARNING * * *
You closely miss the gnoll.
The gnoll is heavily wounded.
The gnoll hits you with a +0 flail.
You die...

#####..............
#...#........###...
#...#.......## ##.. #
#...........# #.. # #..
...........## ##.. #. #..
#.##......).###...
.#.##...##.##..............
............†..##..########
.....#.###@###.##)## #
.......#.#g# ..##.# #
..P.PP....S#....... #
PPP..P..####........
P....P...............
P....P..####.........#
..P...P.. .........#
P...PP... #..........
...P...).#


You could see a gnoll and a ball python.

Vanquished Creatures
  2 endoplasms (D:1)
  4 goblins (D:1)
  2 quokkas (D:1)
  A ball python (D:1)
  A bat (D:1)
  A frilled lizard (D:1)
  2 kobolds (D:1)
13 creatures vanquished.

Vanquished Creatures (others)
  2 plants (D:1)
2 creatures vanquished.

Grand Total: 15 creatures vanquished

Notes
Turn   | Place    | Note
-------+----------+-------------------------------------------
     0 | D:1      | Ablot the Gnoll Warper began the quest for the Orb.
     0 | D:1      | Reached XP level 1. HP: 20/20 MP: 6/6
   288 | D:1      | Reached XP level 2. HP: 23/24 MP: 7/7
   291 | D:1      | Learned a level 2 spell: Blink
   489 | D:1      | Slain by a gnoll

Illustrated notes

Levels and vault maps discovered:
D:1:      minmay_arrival_four_circles, layout_basic, nicolae_grassy_gnolls

Action                   || total
-------------------------++-------
Melee: Spear             ||    20
       Short sword       ||    26
       Bite              ||     1
Armor: Leather armour    ||     5
Dodge: Dodged            ||    24
